 Dungeon Crawl Stone Soup version 0.26-a0-739-gf55cbd344a (webtiles) character file.

Game seed: 2865810395568301505

3589 mhtbhm the Cleaver (level 9, 0/118 HPs)
             Began as a Minotaur Berserker on Nov 5, 2020.
             Was a High Priest of Trog.
             Slain by an orc warrior
             ... wielding a +0 trident
              (4 damage)
             ... on level 8 of the Dungeon.
             The game lasted 00:12:19 (7953 turns).

mhtbhm the Cleaver (Minotaur Berserker)             Turns: 7953, Time: 00:12:20

Health: 0/118      AC: 24    Str: 24    XL:     9   Next: 85%
Magic:  8/8        EV:  2    Int:  4    God:    Trog [*****.]
Gold:   418        SH:  0    Dex: 11    Spells: 8/8 levels left

rFire    . . .     SeeInvis .   a - +2 war axe (venom)
rCold    + . .     Faith    .   (no shield)
rNeg     + + +     Spirit   .   (armour currently unavailable)
rPois    +         Reflect  .   (helmet currently unavailable)
rElec    .         Harm     .   (cloak currently unavailable)
rCorr    .         Rampage  .   (gloves currently unavailable)
MR       .....     NoTele   +   (boots currently unavailable)
Stlth    ++........             (no amulet)
HPRegen  0.29/turn              n - ring of positive energy
MPRegen  0.11/turn              x - ring of protection from cold

@: tree-form, berserk cooldown, very slightly contaminated, invisible
A: (retaliatory headbutt)
a: Berserk, Trog's Hand, Brothers in Arms, Renounce Religion


You were on level 8 of the Dungeon.
You worshipped Trog.
Trog was extremely pleased with you.
You were a tree.
You visited 1 branch of the dungeon, and saw 8 of its levels.
You also visited: Sewer.

You collected 418 gold pieces.

Inventory:

Hand Weapons
 a - a +2 war axe of venom (weapon)
Missiles
 t - 7 atropa-tipped darts (quivered)
Armour
 b - a +0 chain mail (melded)
 l - a +0 cloak (melded)
Jewellery
 n - a ring of positive energy (left branch)
 v - an uncursed ring of stealth
 x - a ring of protection from cold (right branch)
Wands
 c - a wand of acid (3)
 e - a wand of iceblast (5)
 A - a wand of paralysis (3)
 B - a wand of random effects (12)
Scrolls
 h - 9 scrolls of teleportation
 k - 2 scrolls of enchant weapon
 o - 2 scrolls of immolation
 s - 2 scrolls of fog
 y - 2 scrolls of remove curse
Potions
 d - 3 potions of haste
 f - 2 potions of invisibility
 g - 3 potions of flight
 i - 2 potions of lignification
 j - 3 potions of heal wounds {unknown}
 q - a potion of resistance {unknown}
 r - a potion of attraction {unknown}
 u - 3 potions of curing {unknown}
 w - 2 potions of mutation {unknown}
 z - 2 potions of cancellation {unknown}
 C - a potion of might {unknown}


   Skills:
 + Level 7.5 Fighting
 + Level 12.5 Axes
 + Level 8.2 Armour
 + Level 5.0 Dodging
 + Level 1.1 Stealth


You had 8 spell levels left.
You didn't know any spells.
Your spell library was empty.

Dungeon Overview and Level Annotations

Branches:
Dungeon (8/15)             Temple (0/1) D:7           Sewer (visited)
   Lair: D:8-11

Altars:
Dithmenos
Fedhas
Gozag
Hepliaklqana
Kikubaaqudgha
Makhleb
Nemelex Xobeh
Sif Muna
Trog
Xom

Shops:
D:4 *


Innate Abilities, Weirdness & Mutations

((You reflexively headbutt those who attack you in melee.))
((You have a pair of horns on your head.))


Message History

* * * LOW HITPOINT WARNING * * *
The bullfrog hits you but does no damage.
Your ogre closely misses the bullfrog.
The orc hits you with a +0 war axe.
* * * LOW HITPOINT WARNING * * *
The orc hits your ogre with a +0 war axe.
The orc warrior hits you from afar with a +0 trident.
* * * LOW HITPOINT WARNING * * *
You are very lightly contaminated with residual magic.
Unknown command.
You barely miss the bullfrog. You slash the orc!
You kill the orc!
Trog accepts your kill.
You hear the hiss of a distant avalanche of sand.
You feel yourself speed up.
The bullfrog hits you but does no damage.
Your ogre hits the bullfrog with a +0 giant club!!
The bullfrog dies!
Trog accepts your kill.
The orc warrior hits you from afar with a +0 trident.
You die...

#. .. #.# #.#..# ..
...... #. #.#..##
#.##.#... #....##.# .
#))o##.########...
#♣O...............
##...[.†.)))###..#
..............)........
#.#.###.......).).....#
#...#.####.......
#....... ........ ...
.........####..##.##
... .......... .... ...
.. .###.##..## #..## ##


You could see an orc warrior and a friendly ogre (summoned, berserk).

Vanquished Creatures
  An oklob plant (D:5)
  A water moccasin (D:5)
  4 orc warriors
  An ice beast (D:6)
  A sky beast (D:6)
  3 ogres
  A centaur (D:8)
  3 bullfrogs
  3 scorpions
  4 killer bees (D:8)
  11 wights
  A howler monkey (D:6)
  A crimson imp (D:7)
  Crazy Yiuf (D:2)
  4 orc wizards
  7 orc priests
  A centaur skeleton (D:5)
  2 bullfrog skeletons
  2 iguanas
  7 worker ants
  A killer bee zombie (D:6)
  11 gnolls
  8 adders
  3 river rats (D:4)
  3 white imps
  An ufetubus (D:5)
  3 oozes (Sewer)
  An adder skeleton (D:5)
  9 worms
  A dart slug (D:2)
  5 leopard geckos
  33 orcs
  3 ball pythons
  12 bats
  8 giant cockroaches
  6 goblins
  10 hobgoblins
  13 jackals
  6 kobolds
  2 quokkas
  A ball python skeleton (D:4)
  8 frilled lizards
  A giant cockroach zombie (D:6)
  A leopard gecko skeleton (D:6)
  A quokka skeleton (D:7)
  8 rats
218 creatures vanquished.

Vanquished Creatures (collateral kills)
  A bullfrog (D:8)
1 creature vanquished.

Vanquished Creatures (others)
  A wight (D:8)
  9 fungi (D:5)
  44 plants
54 creatures vanquished.

Grand Total: 273 creatures vanquished

Notes
Turn   | Place    | Note
-------+----------+-------------------------------------------
     0 | D:1      | mhtbhm the Minotaur Berserker began the quest for the Orb.
     0 | D:1      | Reached XP level 1. HP: 19/19 MP: 0/0
   225 | D:1      | Reached XP level 2. HP: 23/27 MP: 1/1
   227 | D:1      | Reached skill level 4 in Axes
   467 | D:1      | Reached XP level 3. HP: 33/33 MP: 2/2
   524 | D:1      | Reached ** piety under Trog
  1272 | D:2      | Found a runed translucent door.
  1273 | D:2      | Noticed Crazy Yiuf
  1456 | D:2      | Reached XP level 4. HP: 37/41 MP: 3/3
  1895 | D:2      | Reached skill level 5 in Axes
  2006 | D:2      | Killed Crazy Yiuf
  2006 | D:2      | Reached XP level 5. HP: 47/47 MP: 4/4
  2110 | D:3      | Reached skill level 5 in Fighting
  2489 | D:3      | Found an ancient bone altar of Kikubaaqudgha.
  2545 | D:3      | Found a shadowy altar of Dithmenos.
  2573 | D:3      | Found a sparkling altar of Nemelex Xobeh.
  2842 | D:4      | Found Zacuyxo's Assorted Antiques.
  2862 | D:4      | Reached XP level 6. HP: 33/56 MP: 5/5
  3013 | D:4      | Reached *** piety under Trog
  3015 | D:4      | Reached skill level 6 in Axes
  3029 | D:4      | Found a glowing drain.
  3169 | Sewer    | Entered a sewer
  3867 | D:4      | Reached **** piety under Trog
  3915 | D:4      | Reached skill level 7 in Axes
  3915 | D:4      | Reached XP level 7. HP: 57/61 MP: 6/6
  4344 | D:4      | Found a bloodstained altar of Trog.
  4745 | D:5      | Entered Level 5 of the Dungeon
  4917 | D:5      | Reached skill level 5 in Armour
  5155 | D:5      | Reached skill level 8 in Axes
  5264 | D:5      | Found a blossoming altar of Fedhas.
  5282 | D:5      | Noticed an oklob plant
  5306 | D:5      | Killed an oklob plant
  5306 | D:5      | Reached skill level 9 in Axes
  5306 | D:5      | Reached XP level 8. HP: 45/70 MP: 7/7
  5793 | D:5      | Found a hazy altar of Hepliaklqana.
  5857 | D:5      | Found a shimmering blue altar of Sif Muna.
  6325 | D:6      | Reached skill level 1 in Stealth
  6328 | D:6      | Reached skill level 10 in Axes
  6613 | D:6      | Reached XP level 9. HP: 78/78 MP: 8/8
  7116 | D:7      | Reached skill level 11 in Axes
  7272 | D:7      | Found a shimmering altar of Xom.
  7291 | D:7      | Found a staircase to the Ecumenical Temple.
  7304 | D:7      | Found a burning altar of Makhleb.
  7305 | D:7      | Found a shimmering altar of Xom.
  7373 | D:7      | Reached ***** piety under Trog
  7680 | D:7      | Found an opulent altar of Gozag.
  7774 | D:8      | Reached skill level 5 in Dodging
  7781 | D:8      | Reached skill level 12 in Axes
  7952 | D:8      | HP: 5/118 [orc warrior/+0 trident (5)]
  7953 | D:8      | Slain by an orc warrior

Illustrated notes

Levels and vault maps discovered:
D:1:      onia_arrival_mini_spirals, layout_basic,
          chequers_serial_rivers_room_b, hex_tiny
D:2:      layout_basic, uniq_crazy_yiuf_cottage
D:3:      layout_basic, nicolae_dithmenos_shadow_blocks,
          lemuel_zombie_altar_kikubaaqudgha, nemelex_xobeh_ov_fountains_minmay
D:4:      layout_basic, overflow_temple_1_default, serial_shops, shop,
          portal_sewer_entry_a, hangedman_minor_gate_pass
D:5:      layout_rooms, kennysheep_mini, tgw_fedhas, lemuel_blue_sif_altar
D:6:      wander_river, layout_loops_corners
D:7:      layout_rooms, kennysheep_mini_moat,
          grunt_temple_overflow_champion_of_chaos, minmay_temple_entry_trees,
          xom_teletrap_fun
D:8:      layout_basic, grunt_qazlal_clouds, basic_altar, enter_ossuary_1,
          serial_bayou, serial_bayou_pond_b, serial_bayou_shore_b,
          serial_bayou_shore_b, serial_bayou_pond_a, uniq_grum

Skill      XL: |  1  2  3  4  5  6  7  8  9 |
---------------+----------------------------+-----
Axes           | 4 5 7 9 10 12 | 12.5
Fighting       | 4 5 6 7 |  7.5
Armour         | 3 4 6 7 8 |  8.2
Dodging        | 3 4 5 |  5.0
Stealth        | 1 |  1.1

Action                   |  1- 3 |  4- 6 |  7- 9 || total
-------------------------+-------+-------+-------++-------
Melee: Hand axe          |    91 |    66 |       ||   157
       Headbutt          |    13 |    20 |    70 ||   103
       War axe           |       |    58 |   266 ||   324
Throw: Dart              |       |       |     1 ||     1
Invok: Berserk           |     1 |     4 |     5 ||    10
       Brothers in Arms  |       |       |     1 ||     1
Evoke: Wand              |       |       |     6 ||     6
  Use: Scroll            |       |     6 |    10 ||    16
       Potion            |       |     3 |     2 ||     5
Armor: Ring mail         |    37 |    52 |    21 ||   110
       Chain mail        |       |       |    45 ||    45
       Skin              |       |       |    19 ||    19
Dodge: Dodged            |    64 |    85 |   105 ||   254

Table legend: (Time is in decaauts)
 A = Elapsed time spent in this place.
 B = Non-inter-level travel time spent in this place.
 C = Inter-level travel time spent in this place.
 D = Time resting spent in this place.
 E = Time spent auto-exploring this place.
 F = Levels seen in this place.
 G = Mean time per level.
                   A        B        C        D        E       F      G
               +--------+--------+--------+--------+--------+-----+--------+
         Total |   8273 |   8244 |     29 |   1658 |   4833 |   9 |  919.2 |
       Dungeon |   7423 |   7394 |     29 |   1581 |   4386 |   8 |  927.9 |
         Sewer |    849 |    849 |      0 |     77 |    446 |   1 |  849.0 |
               +--------+--------+--------+--------+--------+-----+--------+

Top non-repeatable levels by time:
     D:4: 1303 daAuts
     D:5: 1201 daAuts
     D:2: 1126 daAuts
     D:6: 1112 daAuts
     D:1: 982 daAuts
   Sewer: 849 daAuts
     D:7: 758 daAuts
     D:3: 737 daAuts
     D:8: 201 daAuts
